 Dungeon Crawl Stone Soup version 0.28.0-45-g0d030f2227 (webtiles) character file.

Game seed: 5910383701058943647

49 zeratav the Insei (level 3, 0/24 HPs)
             Began as an Octopode Transmuter on Apr 9, 2022.
             Slain by a jackal (3 damage)
             ... on level 2 of the Dungeon.
             The game lasted 00:01:56 (1762 turns).

zeratav the Insei (Octopode Transmuter)             Turns: 1762, Time: 00:01:56

Health: 0/24       AC:  1    Str: 11    XL:     3   Next: 75%
Magic:  6/6        EV: 13    Int: 15    God:
Gold:   76         SH:  0    Dex: 12    Spells: 5/6 levels left

rFire   . . .      SeeInvis .     - Unarmed
rCold   . . .      Faith    .   (no shield)
rNeg    . . .      Spirit   .   (helmet restricted)
rPois   .          Reflect  .   (no amulet)
rElec   .          Harm     .   (no ring)
rCorr   .          Rampage  .   (no ring)
Will    .....                   (no ring)
Stlth   +++.......              (no ring)
HPRegen 0.08/turn               (no ring)
MPRegen 0.10/turn               (no ring)
                                (no ring)
                                (no ring)

@: no status effects
A: almost no armour, amphibious, 8 rings, camouflage 1, gelatinous body 1,
(nimble swimmer 1), tentacles
a: no special abilities


You were on level 2 of the Dungeon.
You visited 1 branch of the dungeon, and saw 2 of its levels.

You collected 76 gold pieces.


Innate Abilities, Weirdness & Mutations

You cannot wear most types of armour.
You are amphibious.
You can wear up to eight rings at the same time.
Your skin changes colour to match your surroundings (Stealth+).
Your rubbery body absorbs attacks. (AC +1, EV +1)
((You are camouflaged when in or above water. (Stealth+)))
You have tentacles for arms and can constrict up to eight enemies at once.


   Skills:
 + Level 1.6 Fighting
 + Level 2.4 Dodging
 + Level 1.9 Stealth
 * Level 3.7 Unarmed Combat
 - Level 2.0 Spellcasting
 - Level 2.0 Transmutations


You had 5 spell levels left.
You knew the following spells:

 Your Spells              Type           Power      Damage    Failure   Level
a - Beastly Appendage     Tmut           14%        N/A       10%         1

Your spell library contained the following spells:

 Spells                   Type           Power      Damage    Failure   Level
 Wereblood                Tmut           7%         N/A       14%         2
 Animate Skeleton         Necr           2%         N/A       22%         1
 Pain                     Necr           4%         1d4       22%         1
 Spider Form              Tmut/Pois      4%         N/A       41%         3
 Vampiric Draining        Necr           1%         2d6       54%         3
 Ice Form                 Ice/Tmut       4%         N/A       82%         4

Inventory:

Scrolls
 a - a scroll of fear {unknown}
 b - a scroll of enchant weapon {unknown}
 c - a scroll of silence {unknown}
 d - a scroll of vulnerability {unknown}
 g - a scroll of noise {unknown}
Potions
 e - a potion of attraction {unknown}
 f - 2 potions of flight {unknown}

Dungeon Overview and Level Annotations

Branches:
Dungeon (2/15)

Altars:

#.# #.# #.# .#
#r# #.# .# #.#
#.###.# #.#
#.....##
#r#######.#....
#...........#.#
##..#รท##..#.#.#
#..#@hg....[.#
#...)...##.###
#.#####.#)..#
#.......#.g.#
...######...#
... #...# #...#
#...# #...#


You could see a jackal and a goblin.


Message History

The quokka bites you.
* * * LOW HITPOINT WARNING * * *
The quokka completely misses you.
HP[-2]
You take 2 damage, and now have 6/23 hp.
You tentacle-slap the quokka but do no damage.
You grab the quokka.
Your tentacle spike misses the quokka.
You constrict the quokka, but do no damage.
The quokka bites you.
* * * LOW HITPOINT WARNING * * *
You are too injured to fight recklessly!
You are too injured to fight recklessly!
You are too injured to fight recklessly!
You are too injured to fight recklessly!
HP[-1]
You take 1 damage, and now have 5/23 hp.
You are too injured to fight recklessly!
You are too injured to fight recklessly!
You are too injured to fight recklessly!
You are too injured to fight recklessly!
You are too injured to fight recklessly!
You are too injured to fight recklessly!
You are too injured to fight recklessly!
You barely miss the quokka.
Your tentacle spike misses the quokka.
You constrict the quokka. The quokka barely misses you.
You tentacle-slap the quokka. x2
You kill the quokka!
You start resting.
MP[+1]
Your mp is fully restored (6).
You start resting.
Your tentacle spike disappears.
HP[+18]
Your hp is fully restored (23). 3 jackals come into view.
The jackal barks! x2
A jackal comes into view.
The jackal moves out of view. x2
You miscast Beastly Appendage.
You are very lightly contaminated with residual magic.
Nothing appears to happen.
The jackal barks!
You hear a bark!
MP[-1]
You lost 1 mp, and now have 5/6 mp.
The jackal barely misses you. The jackal closely misses you.
You tentacle-slap the jackal. Your grab misses the jackal.
The jackal bites you. The jackal closely misses you. The jackal bites you.
HP[-2]
You take 2 damage, and now have 21/23 hp.
You barely miss the jackal. You grab the jackal.
You constrict the jackal, but do no damage.
The jackal bites you. The jackal barely misses you. The jackal misses you.
HP[-2]
You take 2 damage, and now have 19/23 hp.
You tentacle-slap the jackal but do no damage.
You constrict the jackal.
The jackal bites you. x2; The jackal misses you.
The jackal closely misses you.
HP[-2]
You take 2 damage, and now have 17/23 hp.
You completely miss the jackal. You constrict the jackal.
You kill the jackal!
The jackal bites you. The jackal closely misses you.
A goblin comes into view. It is wielding a +0 dagger.
The jackal bites you. x2
* * * LOW HITPOINT WARNING * * *
The jackal barely misses you.
You miss the jackal.
The goblin shouts!
You grab the jackal. You constrict the jackal. The jackal bites you.
* * * LOW HITPOINT WARNING * * *
The jackal closely misses you. The jackal bites you.
* * * LOW HITPOINT WARNING * * *
Your magical contamination has completely faded away.
You tentacle-slap the jackal.
You kill the jackal!
The jackal closely misses you. The jackal bites you.
* * * LOW HITPOINT WARNING * * *
You are too injured to fight recklessly!
You are too injured to fight recklessly!
HP[-11]
You now have 24 max hp (+1).
You take 11 damage, and now have 6/24 hp.
MASSIVE DAMAGE!! (PAUSE)
You are too injured to fight recklessly!
You tentacle-slap the jackal.
You kill the jackal!
The jackal closely misses you.
MP[+1]
Your mp is fully restored (6).
The jackal closely misses you. The jackal bites you.
* * * LOW HITPOINT WARNING * * *
HP[-2]
You take 2 damage, and now have 4/24 hp.
The jackal barely misses you.
There is a stone staircase leading up, spattered with blood here.
You barely miss the jackal. Your grab misses the jackal. The jackal bites you.
* * * LOW HITPOINT WARNING * * *
The jackal bites you.
You die...

Skill      XL: |  1  2 |
---------------+-------+-----
Stealth        | 1 |  1.9
Fighting       | |  1.6
Dodging        | |  2.4
Unarmed Combat | |  3.7
Spellcasting   | |  2.0
Transmutations | |  2.0

Action                   || total
-------------------------++-------
Melee: Unarmed           ||    51
       Tentacles         ||     7
       Constrict         ||    11
       Punch             ||     3
       Kick              ||     2
 Cast: Beastly Appendage ||    13
 Stab: Sleeping          ||     3
Armor: Skin              ||     7
Dodge: Dodged            ||    40

Levels and vault maps discovered:
D:1:      kennysheep_arrival_forest, layout_basic,
          dreamdust_ecumenical_altar_drowned_temple, minmay_tromino_v7
D:2:      layout_loops_cross, minmay_crystal_water, uniq_natasha

Notes
Turn   | Place    | Note
-------+----------+-------------------------------------------
     0 | D:1      | zeratav the Octopode Transmuter began the quest for the
                  | Orb.
     0 | D:1      | Reached XP level 1. HP: 13/13 MP: 3/3
     0 | D:1      | magus.rc [v1.9.6]
   265 | D:1      | Found a faded altar of an unknown god.
   337 | D:1      | Reached XP level 2. HP: 11/17 MP: 3/5
   343 | D:1      | Reached skill level 1 in Stealth
   666 | D:1      | You pick up a book of Necromancy and begin reading...
   666 | D:1      | You add the spells Pain, Animate Skeleton and Vampiric
                  | Draining to your library.
  1175 | D:2      | HP: 1/18 [gnoll/+0 club (6)]
  1182 | D:2      | Reached XP level 3. HP: 1/23 MP: 6/6
  1489 | D:2      | HP: 5/23 [quokka (1)]
  1757 | D:2      | HP: 4/24 [jackal (2)]
  1762 | D:2      | HP: 3/24 [jackal (1)]
  1762 | D:2      | Slain by a jackal

Vanquished Creatures
  3 gnolls (D:2)
  3 bats (D:1)
  3 endoplasms (D:1)
  A giant cockroach (D:1)
  A goblin (D:1)
  4 jackals
  A quokka (D:2)
  A kobold (D:1)
  A rat (D:1)
  A spectral kobold (D:1)
19 creatures vanquished.

Table legend:
 A = Non-vault XP
 B = Vault XP
 C = Vault XP percentage of total XP
 D = Non-vault monster count
 E = Vault monster count
 F = Vault count percentage of total count
                 A         B        C        D         E       F
            +---------+---------+-------+---------+---------+-------
      Total |      64 |       6 |   8.6 |      15 |       4 |  21.1
            +---------+---------+-------+---------+---------+-------
        D:1 |      13 |       6 |  31.6 |       8 |       4 |  33.3
        D:2 |      51 |       0 |   0.0 |       7 |       0 |   0.0
            +---------+---------+-------+---------+---------+-------

Illustrated notes

Table legend:
 A = Kills in this place as a percentage of kills in entire the game.
 B = Kills by you in this place as a percentage of kills by you in the entire game.
 C = Kills by friends in this place as a percentage of kills by friends in the entire game.
 D = Other kills in this place as a percentage of other kills in the entire game.
 E = Experience gained in this place as a percentage of experience gained in the entire game.
 F = Experience gained in this place divided by the number of levels of this place that you have seen.
                   A       B       C       D       E      F
               +-------+-------+-------+-------+-------+----------------------
         Total | 100.0 | 100.0 |   N/A |   N/A | 100.0 |  35.0
       Dungeon | 100.0 | 100.0 |   N/A |   N/A | 100.0 |  35.0
               +-------+-------+-------+-------+-------+----------------------

Table legend: (Time is in decaauts)
 A = Elapsed time spent in this place.
 B = Non-inter-level travel time spent in this place.
 C = Inter-level travel time spent in this place.
 D = Time resting spent in this place.
 E = Time spent auto-exploring this place.
 F = Levels seen in this place.
 G = Mean time per level.
                   A        B        C        D        E       F      G
               +--------+--------+--------+--------+--------+-----+--------+
         Total |   1760 |   1634 |    126 |    532 |    956 |   2 |  880.0 |
       Dungeon |   1760 |   1634 |    126 |    532 |    956 |   2 |  880.0 |
               +--------+--------+--------+--------+--------+-----+--------+

Top non-repeatable levels by time:
     D:1: 1423 daAuts
     D:2: 337 daAuts
